 Dungeon Crawl Stone Soup version 0.28.0-45-g0d030f2227 (webtiles) character file.

Game seed: 5492960389026370616

154 Naeght the Cudgeller (level 5, 0/45 HPs)
             Began as a Minotaur Berserker on Apr 20, 2022.
             Was a Believer of Trog.
             Killed from afar by Natasha (6 damage)
             ... with a magic dart
             ... on level 2 of the Dungeon.
             The game lasted 00:02:27 (1505 turns).

Naeght the Cudgeller (Minotaur Berserker)           Turns: 1505, Time: 00:02:28

Health: 0/45       AC:  3    Str: 24    XL:     5   Next: 13%
Magic:  4/4        EV: 11    Int:  4    God:    Trog [**....]
Gold:   29         SH:  4    Dex:  9    Spells: 4/4 levels left

rFire   . . .      SeeInvis .   a - +0 mace
rCold   . . .      Faith    .   i - +0 buckler
rNeg    + . .      Spirit   .   b - +0 animal skin
rPois   +          Reflect  .   (helmet restricted)
rElec   .          Harm     .   l - +0 cloak
rCorr   .          Rampage  .   (no gloves)
Will    .....                   (no boots)
Stlth   +.........              (no amulet)
HPRegen 0.15/turn               e - ring of poison resistance
MPRegen 0.09/turn               d - ring of positive energy

@: on berserk cooldown, slowed, very slow
A: horns 2, retaliatory headbutt
a: Renounce Religion, Berserk, Trog's Hand


You were on level 2 of the Dungeon.
You worshipped Trog.
Trog was pleased with you.
You visited 1 branch of the dungeon, and saw 2 of its levels.

You collected 29 gold pieces.

Inventory:

Hand Weapons
 a - a +0 mace (weapon)
Missiles
 c - 6 boomerangs (quivered)
Armour
 b - a +0 animal skin (worn)
 i - a +0 buckler (worn)
 l - a +0 cloak (worn)
Jewellery
 d - a ring of positive energy (right hand)
 e - a ring of poison resistance (left hand)
Scrolls
 g - a scroll of fear {unknown}
 h - a scroll of identify {unknown}
 k - a scroll of noise {unknown}
Potions
 f - a potion of mutation {unknown}
 j - a potion of degeneration {unknown}


   Skills:
 - Level 3.6 Fighting
 * Level 6.0 Maces & Flails
 - Level 2.4 Armour
 - Level 2.1 Dodging
 * Level 3.3 Shields


You had 4 spell levels left.
You didn't know any spells.
Your spell library was empty.

Dungeon Overview and Level Annotations

Branches:
Dungeon (2/15)

Altars:

Annotations:
D:2 Natasha


Innate Abilities, Weirdness & Mutations

You have a pair of horns on your head.
You reflexively headbutt those who attack you in melee.


Message History

The howler monkey closely misses you.
You closely miss the howler monkey. You headbutt the howler monkey!
You kill the howler monkey!
Trog accepts your kill. The bat closely misses you. You furiously retaliate!
You headbutt the bat!
You kill the bat!
Trog accepts your kill.
Your Maces & Flails skill increases to level 6!
Your Shields skill increases to level 3!
You have reached level 5!
Things that are here:
a +0 dagger; a pink potion You sock the adder!
You kill the adder!
Trog accepts your kill.
You feel a strong urge to attack something.
You are no longer berserk.
You are exhausted.
You feel yourself slow down.
Things that are here:
a +0 short sword; a kobold corpse You start resting.
An endoplasm comes into view.
An endoplasm is nearby!
You hit the endoplasm.
The endoplasm is severely wounded.
The endoplasm freezes you.
You are frozen.
* * * LOW HITPOINT WARNING * * *
The endoplasm closely misses you.
You hit the endoplasm but do no damage. You headbutt the endoplasm.
You kill the endoplasm!
Trog accepts your kill.
You start resting.
Natasha, Servant of Life and Death comes into view.
Natasha is nearby!
Natasha is nearby!
Natasha casts a spell at you. The magic dart hits you.
You die...

.#
#...###'###..#.###
##
#..##.....##.#....
#..#..#.#..#.....##
#..'.#†#.#.'......#
##.#..#.#..#......#
#.##.....##......#
#..###'###.......##
##...............h.
#........@.#'##.##.
###########........
#.###..#.
########.####.#.
...........J....
........).......
.......†........
.......).......>
.......)|.......


You could see Natasha.

Vanquished Creatures
  A howler monkey (D:2)
  Terence (D:2)
  Natasha (D:2)
  3 adders (D:2)
  A worm (D:2)
  A dart slug (D:1)
  A bat (D:2)
  2 endoplasms (D:2)
  A giant cockroach (D:1)
  7 goblins
  2 hobgoblins (D:1)
  5 kobolds
  5 ball pythons
  3 frilled lizards (D:1)
  5 rats (D:1)
39 creatures vanquished.

Notes
Turn   | Place    | Note
-------+----------+-------------------------------------------
     0 | D:1      | Naeght the Minotaur Berserker began the quest for the Orb.
     0 | D:1      | Reached XP level 1. HP: 19/19 MP: 0/0
   114 | D:1      | Reached skill level 4 in Maces & Flails
   293 | D:1      | Reached XP level 2. HP: 24/26 MP: 1/1
   998 | D:1      | Found a faded altar of an unknown god.
  1221 | D:2      | Reached skill level 5 in Maces & Flails
  1221 | D:2      | Reached skill level 1 in Shields
  1221 | D:2      | Reached XP level 3. HP: 22/31 MP: 2/2
  1466 | D:2      | Noticed Terence
  1466 | D:2      | Noticed Natasha
  1473 | D:2      | Killed Natasha
  1474 | D:2      | Reached XP level 4. HP: 26/39 MP: 3/3
  1478 | D:2      | Killed Terence
  1480 | D:2      | Reached ** piety under Trog
  1485 | D:2      | Reached skill level 6 in Maces & Flails
  1485 | D:2      | Reached XP level 5. HP: 10/45 MP: 4/4
  1504 | D:2      | Noticed Natasha
  1505 | D:2      | Killed from afar by Natasha

Illustrated notes

Levels and vault maps discovered:
D:1:      heliophobic_arrival_henge, layout_basic,
          shapermc_ecumenical_altar_petra, chequers_serial_rivers_micro_a,
          nrook_uturn
D:2:      layout_basic, basic_altar, nrook_campfire, wad_floor_pattern_2,
          minmay_box_of_dots, uniq_terence, uniq_natasha

Skill      XL: |  1  2  3  4 |
---------------+-------------+-----
Maces & Flails | 4 5 6 |  6.0
Shields        | 1 2 3 |  3.3
Fighting       | |  3.6
Armour         | |  2.4
Dodging        | |  2.1

Action                   |  1- 3 |  4- 6 || total
-------------------------+-------+-------++-------
Melee: Mace              |    61 |    14 ||    75
       Headbutt          |    11 |     2 ||    13
Invok: Berserk           |     1 |       ||     1
Armor: Animal skin       |     9 |     2 ||    11
Dodge: Dodged            |    38 |     8 ||    46
Block: Buckler           |     1 |     2 ||     3
